 Dungeon Crawl Stone Soup version 0.24.0-123-gd5b16e6ec5 (webtiles) character file.

Game seed: 6500054462279272576, levelgen mode: deterministic

75000 brucemayne the Executioner (level 15, -10/134 HPs)
             Began as a Hill Orc Monk on Jan 21, 2020.
             Was a High Priest of Trog.
             Mangled by a naga warrior
             ... wielding a +0 trident
              (11 damage)
             ... on level 3 of the Snake Pit.
             The game lasted 00:47:37 (9024 turns).

brucemayne the Executioner (Hill Orc Monk)          Turns: 9024, Time: 00:47:37

Health: -10/134    AC: 22    Str: 25    XL:     15   Next: 48%
Magic:  5/5        EV:  8    Int: 10    God:    Trog [*****.]
Gold:   560        SH:  0    Dex: 24    Spells: 14/14 levels left

rFire    . . .     SeeInvis .   o - +4 executioner's axe (antimagic)
rCold    . . .     Gourm    .   (shield currently unavailable)
rNeg     . . .     Faith    .   O - +5 plate armour "Quivi Feux" {rPois}
rPois    +         Spirit   .   (no helmet)
rElec    +         Reflect  .   (no cloak)
rCorr    .         Harm     .   P - +2 pair of gloves "Demogual" {MR+ Dex+5}
MR       +++++                  h - +0 pair of boots
Stlth    ..........             b - amulet of Propriety {rElec Regen+ Str+4 Dex+6}
HPRegen  1.72/turn              J - ring of protection from magic
MPRegen  0.09/turn              K - +4 ring of slaying

@: lethally poisoned (-10 -> -10), berserk cooldown, regenerating, slowed,
constricted, very slow
A: no striking features
a: Berserk, Trog's Hand, Brothers in Arms, Renounce Religion


You were on level 3 of the Snake Pit.
You worshipped Trog.
Trog was extremely pleased with you.
You were not hungry.

You visited 5 branches of the dungeon, and saw 25 of its levels.
You also visited: Gauntlet and Ice Cave.

You collected 2058 gold pieces.
You spent 1498 gold pieces at shops.

Inventory:

Hand Weapons
 a - a +2 antimagic battleaxe
 e - a +3 vampiric war axe
 o - a +4 antimagic executioner's axe (weapon)
 q - a +1 whip of venom
 r - a +0 battleaxe of freezing
 M - a +0 battleaxe
 R - a +1 hand axe of electrocution
 W - a +0 trident of venom
Missiles
 d - 50 poisoned darts (quivered)
 f - 18 javelins
 L - 16 boomerangs
Armour
 h - a +0 pair of boots (worn)
 O - the +5 plate armour "Quivi Feux" (worn) {rPois}
   (You bought it in a shop on level 2 of the Orcish Mines)

   It protects you from poison.
 P - the +2 pair of gloves "Demogual" (worn) {MR+ Dex+5}
   (You found it on level 9 of the Dungeon)

   It affects your dexterity (+5).
   It affects your resistance to hostile enchantments.
 U - a +2 plate armour of fire resistance
 V - a +4 plate armour
Magical Staves
 D - an uncursed staff of death {unknown}
Jewellery
 b - the amulet of Propriety (around neck) {rElec Regen+ Str+4 Dex+6}
   (You found it in a Gauntlet)

   [amulet of regeneration]

   It affects your strength (+4).
   It affects your dexterity (+6).
   It insulates you from electricity.
   It increases your rate of regeneration.
 i - an uncursed ring of flight
 C - an uncursed ring of see invisible
 E - the amulet of Hiofumes {*Drain +Blink +Rage Int+4 Dex+2}
   (You found it in a Gauntlet)

   [amulet of rage]

   It affects your intelligence (+4).
   It affects your dexterity (+2).
   It lets you blink.
   It lets you go berserk.
   It causes draining when unequipped.
 H - the ring of Suxia {rN++ Dex+2}
   (You found it on level 6 of the Dungeon)

   [ring of dexterity]

   It affects your dexterity (+2).
   It greatly protects you from negative energy.
 J - a ring of protection from magic (left hand)
 K - a +4 ring of slaying (right hand)
 T - an uncursed ring of teleportation
 X - an uncursed ring of poison resistance
Wands
 y - a wand of paralysis (16)
 B - a wand of iceblast (21)
 G - a wand of acid (5)
 I - a wand of random effects (6)
 Q - a wand of flame (55)
Scrolls
 g - 5 scrolls of remove curse
 j - 4 scrolls of identify
 l - 7 scrolls of teleportation
 m - 2 scrolls of blinking
 s - 3 scrolls of fog
 w - 3 scrolls of amnesia
 z - 3 scrolls of fear
Potions
 k - 2 potions of lignification
 n - 4 potions of haste
 p - 4 potions of ambrosia
 t - 4 potions of heal wounds
 u - 2 potions of might
 x - 2 potions of magic
 A - 2 potions of cancellation {unknown}
 F - 2 potions of brilliance {unknown}
 Y - a potion of curing
Miscellaneous
 v - a crystal ball of energy
 Z - a fan of gales
Comestibles
 c - 5 rations


   Skills:
 + Level 12.4 Fighting
 - Level 26.4 Axes
 + Level 6.4 Armour
 - Level 6.0 Dodging
 - Level 1.5 Stealth


You had 14 spell levels left.
You didn't know any spells.
Your spell library contained the following spells:

 Spells                   Type           Power        Failure   Level  Hunger
 Animate Skeleton         Necr           N/A          99%         1    ##.....
 Apportation              Tloc           #.....       99%         1    ##.....
 Confusing Touch          Hex            #.....       99%         1    ##.....
 Corona                   Hex            #......      99%         1    ##.....
 Freeze                   Ice            #...         99%         1    ##.....
 Sting                    Conj/Pois      #...         99%         1    ##.....
 Summon Small Mammal      Summ           #...         99%         1    ##.....
 Poisonous Vapours        Pois/Air       #.....       100%        2    ###....
 Slow                     Hex            #.......     100%        2    ###....
 Throw Frost              Conj/Ice       #.....       100%        2    ###....
 Inner Flame              Hex/Fire       #.......     100%        3    ####...
 Ozocubu's Armour         Chrm/Ice       #.......     100%        3    ####...
 Portal Projectile        Hex/Tloc       #.....       100%        3    ####...
 Cause Fear               Hex            #.........   100%        4    #####..
 Leda's Liquefaction      Hex/Erth       #.........   100%        4    #####..
 Olgreb's Toxic Radiance  Pois           #.......     100%        4    #####..
 Summon Ice Beast         Ice/Summ       #.......     100%        4    #####..
 Throw Icicle             Conj/Ice       #.......     100%        4    #####..
 Venom Bolt               Conj/Pois      #.........   100%        5    ######.
 Ignition                 Fire           #.........   100%        8    #######


Dungeon Overview and Level Annotations

Branches:
Dungeon (12/15)            Temple (1/1) D:4            Lair (6/6) D:11
  Snake (4/4) Lair:3          Orc (2/2) D:9             Elf (0/3) Orc:2
  IceCv (visited)         Gauntlet (visited)
  Swamp: Lair:2-4    Shoals: Lair:2-4     Slime: Lair:5-6

Altars:
Ashenzari
Elyvilon
Fedhas
Okawaru
Qazlal
Ru
Sif Muna
Trog
Uskayaw
Vehumet
Wu Jian
Xom
Yredelemnul
Zin
Jiyva

Shops:
D:9 (   Orc:2 *[(:   Snake:2 ?(   Snake:3 }=}

Annotations:
Lair:2 shoals
Lair:6 3 runed translucent doors, Ziqic's ghost, adept VSFi
Snake:3 Vashnia


Message History

The splash of poison hits you but does no damage.
You are poisoned.
You resist. The naga hits you but does no damage.
The anaconda bites you but does no damage.
The anaconda constricts you.
The salamander mystic hits you but does no damage.
Unknown command.
Your ogre goes berserk!
You feel quite a bit more hungry.
You feel sick. The anaconda bites you!
* * * LOW HITPOINT WARNING * * *
x2 The anaconda constricts you.
The anaconda bites you but does no damage.
The anaconda constricts you. The naga hits you with a +0 long sword!
* * * LOW HITPOINT WARNING * * *
The salamander mystic hits you with a +0 dagger.
* * * LOW HITPOINT WARNING * * *
You are engulfed in flames!
* * * LOW HITPOINT WARNING * * *
The naga warrior hits you from afar with a +0 trident!
You die...

#########
♣
#....NN.#
♣♣
#....NN@#
♣♣.
#...NNOS#
♣.∩
#.......#
♣..
#.......#
♣..
#.......#
+# ♣♣♣
#.<.....#
..#
#.......#
#.#
####.####
#.# #.#
####


You could see a naga warrior, a salamander mystic, an anaconda, 4 nagas and a
friendly ogre (berserk).

Vanquished Creatures
  Aizul (Snake:3)
  An orc warlord (Orc:1)
  A stone giant (Orc:2)
  Azrael (Snake:3)
  A minotaur (Gauntlet)
  3 ettins
  Fannar (D:10)
  3 hydras
  6 naga warriors
  4 anacondas
  A centaur warrior (D:9)
  5 death yaks
  Urug (Lair:6)
  3 naga sharpshooters
  4 shock serpents
  A salamander mystic (Snake:4)
  A lindwurm (Snake:4)
  3 naga ritualists (Snake:2)
  Pikel (D:3)
  An orc knight (Orc:1)
  6 mana vipers
  4 salamanders
  8 cyclopes (Orc:2)
  The ghost of YannSP the Covert, a novice OpEn of Sif Muna (D:6)
  2 guardian serpents (Snake:3)
  23 black mambas
  4 naga magi
  4 elephants (Lair:5)
  An apocalypse crab (Gauntlet)
  5 spiny frogs
  3 komodo dragons (Lair:6)
  2 ice devils (Lair:6)
  6 polar bears
  26 blink frogs
  A troll (D:9)
  2 slime creatures (Gauntlet)
  3 hornets (Lair:6)
  6 hippogriffs
  6 dream sheep (Lair:6)
  4 flying skulls (Gauntlet)
  A shadow (D:12)
  12 spriggans (Lair:6)
  2 wyverns
  6 yaks
  A hungry ghost (D:9)
  3 basilisks
  A steam dragon (Lair:2)
  Menkaure (D:6)
  19 nagas
  An acid dragon (D:9)
  5 hell hounds (Snake:3)
  7 water moccasins
  3 porcupines
  14 orc warriors
  3 ice beasts
  3 sky beasts
  4 slaves
  A black bear (Lair:6)
  2 ogres (Orc:1)
  25 wolves
  4 boggarts
  5 crocodiles
  A big kobold (D:9)
  10 bullfrogs
  A wyvern skeleton (D:9)
  2 scorpions
  2 howler monkeys
  2 electric eels (D:11)
  3 bullfrog zombies
  4 crimson imps
  2 quasits (D:6)
  9 hounds
  7 jellies
  8 orc priests
  2 centaur skeletons
  4 iguanas
  18 orc wizards
  5 worker ants
  A hound zombie (D:9)
  A gnoll (D:1)
  7 adders
  An adder skeleton (D:5)
  An adder zombie (D:5)
  A worm (D:2)
  A dart slug (D:2)
  2 leopard geckos
  38 orcs
  3 ball pythons
  4 giant cockroaches
  2 goblins
  5 hobgoblins
  10 jackals
  5 kobolds
  4 quokkas
  7 frilled lizards
  A quokka skeleton (D:6)
  A quokka zombie (D:9)
  3 rats
  2 fungi
463 creatures vanquished.

Vanquished Creatures (others)
  6 demonic plants (Gauntlet)
  8 fungi
  A plant (Lair:6)
15 creatures vanquished.

Grand Total: 478 creatures vanquished

Notes
Turn   | Place    | Note
-------+----------+-------------------------------------------
     0 | D:1      | brucemayne the Hill Orc Monk began the quest for the Orb.
     0 | D:1      | Reached XP level 1. HP: 19/19 MP: 1/1
   309 | D:1      | Reached XP level 2. HP: 24/26 MP: 2/2
   374 | D:1      | Reached skill level 5 in Axes
   500 | D:2      | Reached XP level 3. HP: 29/31 MP: 3/3
   651 | D:3      | Reached skill level 6 in Axes
   720 | D:3      | Reached XP level 4. HP: 26/39 MP: 4/4
   769 | D:4      | Noticed a slave
   769 | D:4      | Noticed a slave
   798 | D:3      | Reached skill level 7 in Axes
  1057 | D:4      | Noticed a slave
  1058 | D:4      | Noticed Pikel
  1061 | D:4      | Noticed a slave
  1075 | D:3      | Killed a slave
  1110 | D:3      | HP: 1/39 [Pikel/+0 whip of flaming (2)]
  1122 | D:3      | Killed Pikel
  1122 | D:3      | Reached skill level 10 in Axes
  1122 | D:3      | Reached XP level 5. HP: 3/45 MP: 5/5
  1122 | D:3      | Reached XP level 6. HP: 3/51 MP: 6/6
  1122 | D:3      | Reached XP level 7. HP: 4/57 MP: 7/7
  1214 | D:4      | Found a staircase to the Ecumenical Temple.
  1222 | Temple   | Entered the Ecumenical Temple
  1293 | Temple   | Became a worshipper of Trog the Wrathful
  1293 | Temple   | Reached * piety under Trog
  1293 | Temple   | Reached ** piety under Trog
  1492 | D:5      | Entered Level 5 of the Dungeon
  1510 | D:5      | Found a glowing silver altar of Zin.
  1580 | D:5      | Reached skill level 11 in Axes
  1779 | D:5      | Reached XP level 8. HP: 58/64 MP: 8/8
  1827 | D:6      | Noticed Menkaure
  1836 | D:6      | Killed Menkaure
  1836 | D:6      | Reached skill level 12 in Axes
  2038 | D:6      | Found a transporter.
  2183 | D:6      | Noticed YannSP's ghost (novice OpEn)
  2198 | D:6      | Found a transporter.
  2247 | D:6      | Reached skill level 13 in Axes
  2255 | D:6      | Killed YannSP's ghost
  2255 | D:6      | Reached skill level 5 in Fighting
  2258 | D:6      | Got the ring of Suxia {Dex+2}
  2264 | D:6      | Identified the ring of Suxia {rN++ Dex+2} (You found it on
                  | level 6 of the Dungeon)
  2489 | D:7      | Reached XP level 9. HP: 74/74 MP: 9/9
  2946 | D:9      | Reached skill level 14 in Axes
  2968 | D:9      | Found a staircase to the Orcish Mines.
  2968 | D:9      | Found Iderheah's Weapon Boutique.
  3007 | D:9      | Got a pair of shimmering gloves
  3013 | D:9      | Identified the +2 pair of gloves "Demogual" {MR+ Dex+5}
                  | (You found it on level 9 of the Dungeon)
  3194 | Orc:1    | Entered Level 1 of the Orcish Mines
  3194 | Orc:1    | Noticed an orc warlord
  3194 | Orc:1    | Noticed a troll
  3202 | D:9      | Killed a troll
  3202 | D:9      | Reached skill level 15 in Axes
  3202 | D:9      | Reached XP level 10. HP: 54/83 MP: 10/10
  3247 | D:10     | Entered Level 10 of the Dungeon
  3370 | D:9      | Reached *** piety under Trog
  3483 | D:9      | Reached skill level 5 in Dodging
  3625 | D:9      | Identified the Papyrus of Envenoming and Ignition
  3627 | D:9      | Noticed a centaur warrior
  3634 | D:9      | Killed a centaur warrior
  3835 | Orc:1    | Killed an orc warlord
  3835 | Orc:1    | Reached XP level 11. HP: 97/97 MP: 11/11
  3949 | Orc:2    | Entered Level 2 of the Orcish Mines
  3949 | Orc:2    | Found Noqehar's Antique Armour Emporium.
  3949 | Orc:2    | Noticed an ettin
  3949 | Orc:2    | Noticed a cyclops
  3949 | Orc:2    | Noticed a cyclops
  3949 | Orc:2    | Noticed an orc knight
  3976 | Orc:1    | Killed an orc knight
  3976 | Orc:1    | Reached skill level 16 in Axes
  4065 | Orc:2    | Found a staircase to the Elven Halls.
  4080 | Orc:2    | Found Onwiup's Book Boutique.
  4080 | Orc:2    | Noticed an ettin
  4080 | Orc:2    | Noticed a cyclops
  4080 | Orc:2    | Noticed a cyclops
  4203 | Orc:2    | Killed an ettin
  4203 | Orc:2    | Reached skill level 10 in Fighting
  4268 | Orc:2    | Killed a cyclops
  4325 | Orc:2    | Killed a cyclops
  4461 | Orc:2    | Found Ipsixan's General Store.
  4485 | Orc:2    | Noticed a cyclops
  4487 | Orc:2    | Killed a cyclops
  4503 | Orc:2    | Killed a cyclops
  4524 | Orc:2    | Noticed an ettin
  4538 | Orc:2    | Noticed a cyclops
  4563 | Orc:1    | Killed an ettin
  4563 | Orc:1    | Reached skill level 17 in Axes
  4617 | Orc:2    | Killed an ettin
  4712 | Orc:2    | Killed a cyclops
  4747 | Orc:2    | Bought a potion of heal wounds for 60 gold pieces
  4747 | Orc:2    | Bought a scroll of teleportation for 36 gold pieces
  4806 | Orc:2    | Noticed a cyclops
  4807 | Orc:2    | Found Fiorarimm's Antique Weapon Emporium.
  4807 | Orc:2    | Noticed a cyclops
  4807 | Orc:2    | Noticed a stone giant
  4830 | Orc:2    | Killed a stone giant
  4830 | Orc:2    | Killed a cyclops
  4830 | Orc:2    | Reached XP level 12. HP: 112/112 MP: 12/12
  5043 | Orc:2    | Bought a potion of haste for 120 gold pieces
  5058 | Orc:2    | Bought an encrusted plate armour for 812 gold pieces
  5068 | Orc:2    | Identified the +5 plate armour "Quivi Feux" {rPois} (You
                  | bought it in a shop on level 2 of the Orcish Mines)
  5244 | D:10     | Reached skill level 5 in Armour
  5414 | D:11     | Reached skill level 18 in Axes
  5441 | D:11     | Reached **** piety under Trog
  5449 | D:11     | Received a gift from Trog
  5537 | D:10     | Noticed Fannar
  5565 | D:10     | Killed Fannar
  5620 | D:11     | Found a staircase to the Lair.
  5881 | Lair:1   | Entered Level 1 of the Lair of Beasts
  5884 | Lair:1   | Found a gate leading to a gauntlet.
  5893 | Gauntlet | Entered a Gauntlet
  5893 | Gauntlet | Found a transporter.
  5901 | Gauntlet | Found a transporter.
  5903 | Gauntlet | Found a transporter.
  5910 | Gauntlet | Found a transporter.
  5925 | Gauntlet | Found a transporter.
  5931 | Gauntlet | Found a transporter.
  5946 | Gauntlet | Found a transporter.
  5965 | Gauntlet | Found a transporter.
  5977 | Gauntlet | Found a transporter.
  5989 | Gauntlet | Found a transporter.
  5991 | Gauntlet | Noticed a death ooze
  6000 | Gauntlet | Noticed a dire elephant
  6001 | Gauntlet | Found a transporter.
  6013 | Gauntlet | Found a transporter.
  6017 | Gauntlet | Noticed a death ooze
  6030 | Gauntlet | Found a transporter.
  6047 | Gauntlet | Found a transporter.
  6049 | Gauntlet | Found a transporter.
  6086 | Gauntlet | Found a transporter.
  6086 | Gauntlet | Found a transporter.
  6187 | Gauntlet | Got a twitching golden amulet
  6194 | Gauntlet | Identified the amulet of Hiofumes {*Drain +Blink +Rage
                  | Int+4 Dex+2} (You found it in a Gauntlet)
  6215 | Gauntlet | Identified the +9 quarterstaff "Hill Orc's Regret" {crush,
                  | *Drain rC+ Stlth+}
  6215 | Gauntlet | Noticed a minotaur
  6233 | Gauntlet | Killed a minotaur
  6233 | Gauntlet | Reached skill level 19 in Axes
  6247 | Gauntlet | Got a shimmering brass amulet
  6248 | Gauntlet | Identified the amulet of Propriety {rElec Regen+ Str+4
                  | Dex+6} (You found it in a Gauntlet)
  6522 | Lair:2   | Noticed a six-headed hydra
  6535 | Lair:2   | You fall into a shaft and drop 1 floor!
  6539 | Lair:3   | Reached skill level 20 in Axes
  6583 | Lair:3   | Reached XP level 13. HP: 118/118 MP: 13/13
  6676 | Lair:3   | You fall into a shaft and drop 2 floors!
  6721 | Lair:4   | Reached ***** piety under Trog
  6860 | Lair:6   | Entered Level 6 of the Lair of Beasts
  6885 | Lair:6   | Reached skill level 21 in Axes
  6897 | Lair:6   | Noticed Urug
  6922 | Lair:6   | Received a gift from Trog
  6941 | Lair:6   | Killed Urug
  7052 | Lair:6   | Reached skill level 22 in Axes
  7157 | Lair:6   | Reached XP level 14. HP: 126/126 MP: 14/14
  7223 | Lair:6   | Found a runed translucent gate.
  7224 | Lair:6   | Found a runed translucent gate.
  7225 | Lair:6   | Found a runed translucent gate.
  7227 | Lair:6   | Noticed Ziqic's ghost (adept VSFi)
  7231 | Lair:6   | Found a viscous altar of Jiyva.
  7254 | Lair:6   | Reached skill level 23 in Axes
  7599 | Lair:6   | Found a frozen archway.
  7625 | IceCv    | Entered an ice cave
  7769 | Lair:5   | Received a gift from Trog
  7807 | Lair:5   | You fall into a shaft and drop 1 floor!
  8046 | Lair:4   | Reached skill level 24 in Axes
  8078 | Lair:3   | Found a staircase to the Snake Pit.
  8110 | Snake:1  | Entered Level 1 of the Snake Pit
  8346 | Snake:3  | Noticed Aizul
  8363 | Snake:3  | Killed Aizul
  8371 | Snake:3  | Reached skill level 25 in Axes
  8448 | Snake:4  | Entered Level 4 of the Snake Pit
  8507 | Snake:3  | Found Paapp's Gadget Shop.
  8509 | Snake:3  | Found Fejyop's Jewellery Shoppe.
  8510 | Snake:3  | Found Kekluff's Gadget Shop.
  8537 | Snake:3  | Bought an uncursed ring of protection from magic for 425
                  | gold pieces
  8569 | Snake:3  | Noticed Azrael
  8580 | Snake:3  | Reached XP level 15. HP: 133/133 MP: 1/15
  8588 | Snake:3  | Killed Azrael
  8588 | Snake:3  | Noticed Vashnia
  8686 | Snake:2  | Found Istem's Weapon Shop.
  8742 | Snake:2  | Reached skill level 26 in Axes
  8838 | Snake:2  | Found Xalomiv's Magic Scroll Shop.
  8846 | Snake:2  | Bought a scroll of teleportation for 45 gold pieces
  9016 | Snake:4  | HP: 5/134 [salamander mystic/orb of energy (26)]
  9024 | Snake:3  | HP: 1/134 [salamander mystic/+0 dagger (17)]
  9024 | Snake:3  | Mangled by a naga warrior

Levels and vault maps discovered:
D:1:      roderic_octagonal_star, layout_basic, eino_curves_03
D:2:      layout_rooms, minmay_misc_feat_rows
D:3:      layout_rooms, minmay_misc_feat_tiny
D:4:      layout_cave_pools, minmay_temple_entry_statues_pillars, first_ration,
          uniq_pikel
D:5:      layout_loops_ring, zin_statuary
D:6:      layout_basic, gammafunk_ghost_stat_death, kennysheep_generic_room_12,
          uniq_menkaure
D:7:      layout_loops_ring, makhleb_heckhound_becter, uniq_joseph
D:8:      layout_cave_pools, grunt_temple_overflow_open,
          chequers_temple_overflow_statue_of_worship
D:9:      kennysheep_windowed_halls, layout_long_grid, orc_david_3,
          blue_anna_alchemist [blue_anna_fruit_fields, blue_anna_fruit_fields]
D:10:     layout_basic, uniq_fannar
D:11:     layout_cross, lair_entry_dummy, serial_shops, nicolae_shop_waterfront,
          disabler_island
D:12:     layout_loops_cross, dk_vineyard_1
Temple:   nicolae_temple_god_jail
Lair:1:   layout_hall_layers, ebering_ghost_funeral_grove,
          gauntlet_entry_generic, beast_lair_carwin_7
Lair:2:   layout_hall_layers, minmay_shoals_entry_lonely_mermaid, special_room
          [special_room_bee], grunt_forest_stairs_basic, st_stairs_11
Lair:3:   layout_cave_pods, dummy_snake_entry, beast_lair_carwin_1,
          lemuel_fruit_tree, grunt_megastairs_5, infiniplex_staircase_pool
Lair:4:   layout_roguey, st_stairs_4
Lair:5:   layout_regular_city, slime_altar_1
Lair:6:   minmay_lair_end_enchanted_forest, layout_regular_city,
          portal_ice_cave_demonic_guard, gammafunk_ghost_ooze,
          grunt_megastairs_1, serial_bayou_shore_b, uniq_urug
Snake:1:  layout_grid_shapes, serial_bayou_shore_a, minmay_shoptagon
Snake:2:  layout_gridlike, serial_shops, nicolae_shop_statue_plus, shop, shop,
          nicolae_shop_stone
Snake:3:  layout_rooms, serial_shops, bzr_entry_dummy,
          nicolae_shop_behind_doors, grunt_megastairs_3, minmay_shop_grove,
          uniq_vashnia, uniq_aizul, uniq_azrael
Snake:4:  snake_pit_salamanders_mu, layout_cave_town
Orc:1:    layout_diamond_mine
Orc:2:    grunt_orc_gardens, layout_caves, grunt_orc_garden, grunt_orc_garden,
          grunt_orc_garden, grunt_orc_garden

Skill      XL: |  1  2  3  4  5  6  7  8  9 10 11 12 13 14 15 |
---------------+----------------------------------------------+-----
Axes           | 5 6 10 11 13 15 17 20 22 25 26 | 26.4
Fighting       | 5 6 9 12 | 12.4
Armour         | 3 4 6 |  6.4
Dodging        | 4 6 |  6.0
Stealth        | |  1.5

Action                   |  1- 3 |  4- 6 |  7- 9 | 10-12 | 13-15 || total
-------------------------+-------+-------+-------+-------+-------++-------
Melee: Hand axe          |     6 |       |    53 |       |       ||    59
       Short sword       |    24 |       |       |       |       ||    24
       Whip              |    57 |    51 |   168 |       |       ||   276
       Battleaxe         |       |       |    35 |    13 |       ||    48
       War axe           |       |       |    34 |   528 |   283 ||   845
       Trident           |       |       |       |       |    31 ||    31
       Executioner's axe |       |       |       |       |   248 ||   248
Throw: Dart              |     2 |       |       |       |       ||     2
Invok: Berserk           |       |       |    13 |    15 |     9 ||    37
       Trog's Hand       |       |       |     7 |    14 |     8 ||    29
       Brothers in Arms  |       |       |       |       |     1 ||     1
Evoke: Wand              |       |       |     2 |     4 |       ||     6
  Use: Potion            |       |     2 |     2 |       |     4 ||     8
       Scroll            |       |       |     8 |    14 |     4 ||    26
  Eat: Ration            |       |     1 |     4 |    11 |     5 ||    21
       Chunk             |       |       |     4 |     3 |     1 ||     8
Armor: Ring mail         |    27 |    20 |    11 |       |       ||    58
       Scale mail        |       |       |    65 |       |       ||    65
       Skin              |       |       |     9 |       |       ||     9
       Plate armour      |       |       |    23 |   280 |   431 ||   734
Dodge: Dodged            |    56 |    33 |   115 |   201 |   302 ||   707
